 Dungeon Crawl Stone Soup version 0.21.1-1-g345015fe64 (webtiles) character file.

157 Kohma the Conjurer (level 5, -2/31 HPs)
             Began as an Octopode Conjurer on July 3, 2018.
             Killed by divine providence
             ... invoked by an orc priest
              (14 damage)
             ... on level 3 of the Dungeon.
             The game lasted 00:09:14 (3941 turns).

Kohma the Conjurer (Octopode Conjurer)              Turns: 3941, Time: 00:09:14

Health: -2/31      AC:  1    Str:  8    XL:     5   Next: 38%
Magic:  1/9        EV: 14    Int: 18    God:
Gold:   85         SH:  0    Dex: 12    Spells: 7/10 levels left

rFire    . . .     SeeInvis .   g - +0 dagger
rCold    . . .     Gourm    .   (no shield)
rNeg     . . .     Faith    .   (helmet restricted)
rPois    .         Spirit   .   (no amulet)
rElec    .         Reflect  .   (no ring)
rCorr    .         Harm     .   (no ring)
MR       .....                  (no ring)
Stlth    +++.......             (no ring)
HPRegen  0.10/turn              (no ring)
MPRegen  0.11/turn              (no ring)
                                (no ring)
                                (no ring)

@: no status effects
A: almost no armour, stealthy swim, amphibious, 8 rings, constrict 8, camouflage
1, gelatinous body 1
a: no special abilities


You were on level 3 of the Dungeon.
You were not hungry.

You visited 1 branch of the dungeon, and saw 3 of its levels.

You collected 85 gold pieces.

Inventory:

Hand Weapons
 c - a +0 short sword
 g - a +0 dagger (weapon)
 h - a +0 whip
 p - a +1 halberd of venom
Jewellery
 v - an uncursed ring of stealth {unknown}
Wands
 o - a wand of polymorph (16)
Scrolls
 d - a scroll of teleportation {unknown}
 f - a scroll of identify {unknown}
 i - a scroll of amnesia {unknown}
 j - a scroll of enchant weapon {unknown}
 n - 2 scrolls of remove curse {unknown}
 s - a scroll of enchant armour {unknown}
Potions
 b - a potion of haste {unknown}
 e - a potion of flight {unknown}
 k - 2 potions of curing {unknown}
 l - a potion of invisibility {unknown}
 m - 2 potions of berserk rage {unknown}
 t - a potion of magic {unknown}
 u - a potion of degeneration {unknown}
Books
 a - a book of Conjurations

   Spells                             Type                      Level
   a - Magic Dart                     Conjuration                  1
   b - Searing Ray                    Conjuration                  2
   c - Dazzling Spray                 Conjuration/Hexes            3
   d - Fulminant Prism                Conjuration/Hexes            4
   e - Force Lance                    Conjuration/Translocation    4
   f - Iskenderun's Mystic Blast      Conjuration                  4
Comestibles
 q - 4 chunks of flesh
 r - a ration


   Skills:
 + Level 2.7 Dodging
 + Level 4.1 Stealth
 * Level 3.3 Spellcasting
 * Level 4.9 Conjurations


You had 7 spell levels left.
You knew the following spells:

 Your Spells              Type           Power        Failure   Level  Hunger
a - Magic Dart            Conj           ###.         1%          1    None
b - Searing Ray           Conj           ###...       3%          2    ##.....


Dungeon Overview and Level Annotations

Branches:
Dungeon (3/15)

Altars:
Trog

Annotations:
D:1 exclusion: downstairs


Innate Abilities, Weirdness & Mutations

You cannot wear most types of armour.
You are very stealthy in the water. (Stealth+)
You are amphibious.
You can wear up to eight rings at the same time.
You can use your tentacles to constrict eight enemies at once.
Your skin changes colour to match your surroundings (Stealth+).
Your rubbery body absorbs attacks. (AC +1, EV +1)


Message History

Casting: Magic Dart
Confirm with . or Enter, or press ? or * to list all spells.
Aiming: Magic Dart
Press: ? - help, Shift-Dir - straight line, f/p - orc priest
Aim: an orc priest, wielding a whip (heavily wounded)
The magic dart hits the orc priest.
The orc priest is severely wounded.
The orc priest hits you with a whip.
The orc priest invokes the aid of Beogh against you.
Beogh smites you!
Casting: Magic Dart
Confirm with . or Enter, or press ? or * to list all spells.
Aiming: Magic Dart
Press: ? - help, Shift-Dir - straight line, f/p - orc priest
Aim: an orc priest, wielding a whip (severely wounded)
The magic dart hits the orc priest.
The orc priest is almost dead.
The orc priest mumbles some strange prayers to Beogh against you.
Beogh smites you!
You die...

#..............(...
################### #####...#
####### #...#...# ......#
#...#...#
......#########...#...###########
......+.......'.......'..........
......######.##...#...#.#########
.....[# #..#.@.#####.#
......#######)#...# #.#
...........o..o...# #.#
..................# #.#
.................(# #.#
######.........#### #.#
#########..# #.# ##.## #.# #..#
#.#


You could see an orc priest.

Vanquished Creatures
  4 gnolls
  4 adders
  2 worms (D:3)
  2 dart slugs
  3 orcs (D:3)
  2 ball pythons
  2 giant cockroaches
  8 goblins
  10 hobgoblins
  6 jackals
  7 kobolds
  A quokka (D:2)
  9 bats
  5 frilled lizards
  7 rats
72 creatures vanquished.

Notes
Turn   | Place    | Note
-------+----------+-------------------------------------------
     0 | D:1      | Kohma the Octopode Conjurer began the quest for the Orb.
     0 | D:1      | Reached XP level 1. HP: 11/11 MP: 3/3
   257 | D:1      | Reached XP level 2. HP: 17/17 MP: 3/5
   261 | D:1      | Learned a level 2 spell: Searing Ray
   828 | D:1      | Reached XP level 3. HP: 21/21 MP: 0/6
  1657 | D:2      | Reached XP level 4. HP: 27/27 MP: 3/8
  2517 | D:3      | HP: 1/27 [poisoned by a gnoll]
  2852 | D:3      | Reached XP level 5. HP: 31/31 MP: 6/9
  3289 | D:3      | Found a bloodstained altar of Trog.
  3941 | D:3      | Killed from afar by an orc priest

Skill      XL: |  1  2  3  4  5 |
---------------+----------------+-----
Stealth        | 3 4 |  4.1
Spellcasting   | 3 |  3.3
Dodging        | |  2.7
Conjurations   | |  4.9

Action                   |  1- 3 |  4- 6 || total
-------------------------+-------+-------++-------
Melee: Dagger            |       |     2 ||     2
       Constrict         |       |     1 ||     1
 Cast: Magic Dart        |    70 |    87 ||   157
       Searing Ray       |     3 |     6 ||     9
  Eat: Chunk             |     1 |     2 ||     3
       Ration            |     1 |     1 ||     2
Armor: Skin              |       |     3 ||     3
Dodge: Dodged            |     7 |    20 ||    27
